 Dungeon Crawl Stone Soup version 0.26-a0-1147-g3780a7a11b (webtiles) character file.

Game seed: 7354421678473032933

325 mhtbhm the Chopper (level 6, -9/79 HPs)
             Began as a Minotaur Fighter on Dec 22, 2020.
             Was an Initiate of Elyvilon.
             Killed from afar by Ijyb (15 damage)
             ... with a bolt of acid
             ... on level 4 of the Dungeon.
             The game lasted 00:04:27 (3986 turns).

mhtbhm the Chopper (Minotaur Fighter)               Turns: 3986, Time: 00:04:28

Health: -9/79      AC: 15    Str: 21 (23) XL:     6   Next: 24%
Magic:  5/5        EV:  2    Int:  3 (5)  God:    Elyvilon [......]
Gold:   189        SH:  9    Dex:  7 (9)  Spells: 5/5 levels left

rFire    . . .     SeeInvis .   a - +0 war axe
rCold    . . .     Faith    .   c - +0 kite shield
rNeg     + + +     Spirit   .   (armour currently unavailable)
rPois    +         Reflect  .   (helmet currently unavailable)
rElec    .         Harm     .   (cloak currently unavailable)
rCorr    .         Rampage  .   (gloves currently unavailable)
Will     .....     NoTele   +   (boots currently unavailable)
Stlth    +.........             (no amulet)
HPRegen  0.23/turn              i - ring of positive energy
MPRegen  0.09/turn              (no ring)

@: mighty, lethally poisoned (-9 -> -14), tree-form, corroded
A: (retaliatory headbutt)
a: Renounce Religion


You were on level 4 of the Dungeon.
You worshipped Elyvilon.
Elyvilon was noncommittal.
You were a tree.
You visited 2 branches of the dungeon, and saw 5 of its levels.

You collected 189 gold pieces.

Inventory:

Hand Weapons
 a - a +0 war axe (weapon)
Armour
 b - a +0 plate armour (melded)
 c - a +0 kite shield (worn)
Jewellery
 i - a ring of positive energy (left branch)
Wands
 k - a wand of polymorph (11)
 m - a wand of random effects (45)
Scrolls
 g - a scroll of fog
 h - a scroll of remove curse
 j - 3 scrolls of immolation {unknown}
 l - 2 scrolls of enchant weapon {unknown}
 o - 2 scrolls of identify
 p - a scroll of blinking {unknown}
Potions
 d - 6 potions of might
 f - a potion of degeneration
 n - a potion of lignification
 q - a potion of brilliance {unknown}
 r - a potion of resistance {unknown}
 s - a potion of mutation {unknown}


   Skills:
 + Level 4.4 Fighting
 + Level 5.7 Axes
 + Level 4.8 Armour
 + Level 1.3 Dodging
 - Level 0.1 Stealth
 + Level 4.7 Shields


You had 5 spell levels left.
You didn't know any spells.
Your spell library contained the following spells:

 Spells                   Type           Power        Failure   Level
 Animate Skeleton         Necr           0%           92%         1
 Apportation              Tloc           0%           92%         1
 Corona                   Hex            0%           92%         1
 Summon Small Mammal      Summ           0%           92%         1


Dungeon Overview and Level Annotations

Branches:
Dungeon (4/15)             Temple (1/1) D:4

Altars:
Ashenzari
Cheibriados
Dithmenos
Elyvilon
Gozag
Hepliaklqana
Kikubaaqudgha
Makhleb
Nemelex Xobeh
Qazlal
Ru
Sif Muna
Uskayaw
Vehumet
Wu Jian
Xom
Yredelemnul
Zin

Annotations:
D:4 Ijyb


Innate Abilities, Weirdness & Mutations

((You reflexively headbutt those who attack you in melee.))
((You have a pair of horns on your head.))


Message History

There is an open door here.
Unknown command.
You block the adder's attack.
It was a potion of degeneration.
There was something very wrong with that liquid.
You feel weakened.
You feel dopey.
You feel clumsy. Ijyb screams, "I no like you!"
The adder bites you but does no damage.
It was a potion of lignification.
You turn into a tree.
Your +0 plate armour melds into your body.
Your roots penetrate the ground.
Ijyb hits you but does no damage. The adder bites you but does no damage.
You feel very mighty all of a sudden. You block Ijyb's attack.
The adder bites you but does no damage. Ijyb hits you but does no damage.
The adder bites you but does no damage.
You closely miss Ijyb. You hit the adder. Ijyb hits you but does no damage.
You are poisoned.
The adder bites you but does no damage.
Ijyb zaps a wand.
The bolt of acid hits you!
You die...

...# #(......###.###.....#....
...######...................#....
.........÷............'.....#....
......................#......####
......................#......#
.........####+#......##.....##
.........# #......#.......#
...###+###. #......#.......# ...#
+.. #.♣....#......## ...# #...
#.Sg...#......# ...#
##....###'########### ...#
+...........#
...#######.....g....#
.........#..........#
.........#....####.##
.........#.... ## .........#....


You could see Ijyb (fast) and an adder.

Vanquished Creatures
  A scorpion (D:4)
  2 hounds
  An orc wizard (D:4)
  A worker ant (D:4)
  4 adders
  4 gnolls
  An ooze (D:1)
  3 worms
  3 leopard geckos
  8 orcs
  6 bats
  4 giant cockroaches
  9 goblins
  2 hobgoblins
  5 jackals
  6 frilled lizards
  10 kobolds
  5 rats
75 creatures vanquished.

Notes
Turn   | Place    | Note
-------+----------+-------------------------------------------
     0 | D:1      | mhtbhm the Minotaur Fighter began the quest for the Orb.
     0 | D:1      | Reached XP level 1. HP: 19/19 MP: 0/0
   122 | D:1      | Reached XP level 2. HP: 27/27 MP: 1/1
   916 | D:2      | Reached XP level 3. HP: 4/33 MP: 2/2
  1293 | D:2      | Found a sacrificial altar of Ru.
  1392 | D:2      | Reached skill level 3 in Axes
  1871 | D:3      | Found a broken altar of Ashenzari.
  1908 | D:3      | Reached XP level 4. HP: 16/40 MP: 3/3
  2145 | D:3      | Reached skill level 4 in Axes
  2589 | D:3      | Found a burning altar of Makhleb.
  2805 | D:4      | Found a staircase to the Ecumenical Temple.
  2817 | D:4      | Reached skill level 1 in Dodging
  2817 | D:4      | Reached XP level 5. HP: 27/46 MP: 4/4
  2821 | Temple   | Entered the Ecumenical Temple
  3257 | Temple   | Became a worshipper of Elyvilon the Healer
  3504 | D:4      | Reached skill level 5 in Axes
  3708 | D:4      | Reached XP level 6. HP: 24/53 MP: 5/5
  3975 | D:4      | Noticed Ijyb
  3986 | D:4      | Killed from afar by Ijyb

Illustrated notes

Levels and vault maps discovered:
D:1:      lemuel_arrival_hallway, layout_loops_cross, columned_hall_lemuel,
          wander_ebering_terrifying_dragon_lair
D:2:      layout_rooms, marbit_many_paths
D:3:      layout_basic, makhleb_heckhound_becter, nicolae_ashenzari_panopticon
D:4:      layout_gridville, minmay_temple_entry_grid, minmay_misc_feat_enclosed,
          uniq_ijyb, uniq_blork_the_orc
Temple:   regret_index_temple_generic_petals

Skill      XL: |  1  2  3  4  5 |
---------------+----------------+-----
Shields        | 4 |  4.7
Fighting       | 4 |  4.4
Armour         | 4 |  4.8
Axes           | 3 4 5 |  5.7
Dodging        | 1 |  1.3
Stealth        | |  0.1

Action                   |  1- 3 |  4- 6 || total
-------------------------+-------+-------++-------
Melee: War axe           |   104 |   132 ||   236
       Headbutt          |    17 |    16 ||    33
  Use: Scroll            |     2 |     3 ||     5
       Potion            |       |     4 ||     4
Armor: Scale mail        |    47 |     4 ||    51
       Plate armour      |       |    66 ||    66
       Skin              |       |     6 ||     6
Dodge: Dodged            |    30 |    19 ||    49
Block: Kite shield       |    48 |    77 ||   125

Table legend: (Time is in decaauts)
 A = Elapsed time spent in this place.
 B = Non-inter-level travel time spent in this place.
 C = Inter-level travel time spent in this place.
 D = Time resting spent in this place.
 E = Time spent auto-exploring this place.
 F = Levels seen in this place.
 G = Mean time per level.
                   A        B        C        D        E       F      G
               +--------+--------+--------+--------+--------+-----+--------+
         Total |   4075 |   3974 |    101 |   1063 |   2074 |   5 |  815.0 |
       Dungeon |   3617 |   3516 |    101 |    903 |   1877 |   4 |  904.2 |
        Temple |    457 |    457 |      0 |    160 |    197 |   1 |  457.0 |
               +--------+--------+--------+--------+--------+-----+--------+

Top non-repeatable levels by time:
     D:3: 1161 daAuts
     D:2: 975 daAuts
     D:1: 913 daAuts
     D:4: 567 daAuts
  Temple: 457 daAuts
